 Dungeon Crawl Stone Soup version 0.30-a0-883-g5ad918d77d (webtiles) character file.

Game seed: 6914097473707260348

46 hikkokomori the Ducker (level 3, -1/29 HPs)
             Began as a Merfolk Gladiator on Mar 18, 2023.
             Slain by Robin
             ... wielding a +0 mace
              (5 damage)
             ... on level 2 of the Dungeon.
             The game lasted 00:01:19 (862 turns).

hikkokomori the Ducker (Merfolk Gladiator)           Turns: 862, Time: 00:01:19

Health: -1/29      AC:  4    Str: 14    XL:     3   Next: 68%
Magic:  3/3        EV: 13    Int:  7    God:
Gold:   67         SH:  0    Dex: 17    Spells: 2/2 levels left

rFire   . . .      SeeInvis .    a - +0 long sword
rCold   . . .      Faith    .    (no shield)
rNeg    . . .      Spirit   .    b - +0 leather armour
rPois   .          Reflect  .    c - +0 helmet
rElec   .          Rampage  .    (no cloak)
rCorr   .                        (no gloves)
Will    .....                    (no boots)
Stlth   ++                       (no amulet)
HPRegen 0.24/turn                (no ring)
MPRegen 0.08/turn                (no ring)

@: no status effects
A: (nimble swimmer 2), mertail
a: no special abilities


You were on level 2 of the Dungeon.
You visited 1 branch of the dungeon, and saw 2 of its levels.

You collected 67 gold pieces.

Inventory:

Hand Weapons
 a - a +0 long sword (weapon)
Missiles
 d - 3 throwing nets (quivered)
 e - a javelin
Armour
 b - a +0 leather armour (worn)
 c - a +0 helmet (worn)
Jewellery
 l - a +6 ring of dexterity
 n - an amulet of the acrobat
Scrolls
 f - a scroll of teleportation
 h - a scroll of amnesia {unknown}
 o - a scroll of enchant weapon {unknown}
Potions
 g - a potion of heal wounds {unknown}
 j - 2 potions of curing {unknown}
 k - a potion of lignification {unknown}


   Skills:
 + Level 3.0 Fighting
 + Level 4.3 Long Blades
 - Level 2.0 Throwing
 - Level 4.3 Dodging
 + Level 1.3 Stealth


You had 2 spell levels left.
You didn't know any spells.
Your spell library contained the following spells:

 Spells                   Type           Power      Damage    Failure   Level
 Call Canine Familiar     Summ           0%         N/A       87%         3
 Portal Projectile        Hex/Tloc       0%         N/A       87%         3
 Leda's Liquefaction      Hex/Erth       0%         N/A       99%         4


Dungeon Overview and Level Annotations

Branches:
Dungeon (2/15)

Altars:

Annotations:
D:2 Robin


Innate Abilities, Weirdness & Mutations

((You are very nimble when in or above water. (Stealth+, EV+, Speed+++)))
Your lower body shifts to a powerful aquatic tail in water.


Message History

You kill the goblin!
The goblin hits you with a +0 dagger. The goblin misses you.
The goblin attacks as you move away! The goblin hits you but does no damage.
Robin throws the goblin at you!
Things that are here:
a +0 club; a goblin corpse You slash the goblin!
You kill the goblin!
The goblin barely misses you.
You see here a +0 dagger.
You slash the goblin!
You kill the goblin!
You barely miss Robin. Robin misses you.
You closely miss Robin.
The hobgoblin no longer looks unusually strong.
Robin roars a battlecry!
The hobgoblin goes into a battle-frenzy!
You hit Robin.
Robin is moderately wounded.
You closely miss the hobgoblin. Robin barely misses you.
The hobgoblin hits you.
* * * LOW HITPOINT WARNING * * *
Robin hits you with a +0 mace.
* * * LOW HITPOINT WARNING * * *
The hobgoblin closely misses you.
You hit the hobgoblin but do no damage. Robin hits you but does no damage.
The hobgoblin hits you but does no damage.
You closely miss the hobgoblin.
A kobold comes into view. It is wielding a +0 short sword.
Robin misses you. The hobgoblin closely misses you.
The kobold shouts!
You slash the hobgoblin!
You kill the hobgoblin!
Robin closely misses you.
You slash Robin!
Robin is severely wounded.
Robin hits you with a +0 mace.
* * * LOW HITPOINT WARNING * * *
Robin hits you with a +0 mace.
You die...

#. ##g.# ......
#...$ #.###.g##
...... #.# .
##...#.##
....).#.##?
#...gg.#
.....#.#..
##...#.### ...
..... #... #)#
.... #†...
.....#.##
.....#..#
.........#####
.........#
..#......).@K#
#.######.#
......#.####g.#
.######<#
..##....#
##....
........# .
.......
....#######..#
........ .####
#.(..†.
..###.## ..
.......... #.
.# ..........
## ..#....... .
#.......


You could see Robin and a kobold.

Vanquished Creatures
  An adder (D:2)
  A ball python (D:1)
  3 endoplasms (D:1)
  13 goblins
  A hobgoblin (D:2)
  2 jackals (D:1)
  2 kobolds (D:1)
  5 bats
  A frilled lizard (D:1)
  3 rats
32 creatures vanquished.

Notes
Turn   | Place    | Note
-------+----------+-------------------------------------------
     0 | D:1      | hikkokomori the Merfolk Gladiator began the quest for the
                  | Orb.
     0 | D:1      | Reached XP level 1. HP: 16/16 MP: 1/1
   109 | D:1      | Reached XP level 2. HP: 22/23 MP: 2/2
   807 | D:2      | Reached skill level 1 in Stealth
   807 | D:2      | Reached XP level 3. HP: 27/28 MP: 3/3
   812 | D:2      | Noticed Robin
   862 | D:2      | Slain by Robin

Illustrated notes

Levels and vault maps discovered:
D:1:      dpeg_arrival_rhombi, layout_basic, serial_bayou_lagoon_b
D:2:      layout_rooms, shapermc_ecumenical_altar_venn, uniq_robin

Skill      XL: |  1  2  3 |
---------------+----------+-----
Long Blades    | 4 |  4.3
Stealth        | 1 |  1.3
Fighting       | 3 |  3.0
Throwing       | |  2.0
Dodging        | |  4.3

Action                     || total
---------------------------++-------
  Melee: Long sword        ||    99
         Tailslap          ||     2
    Use: Scroll            ||     3
   Stab: Sleeping          ||     1
 Armour: Leather armour    ||    34
  Dodge: Dodged            ||    97

Table legend: (Time is in decaauts)
 A = Elapsed time spent in this place.
 B = Non-inter-level travel time spent in this place.
 C = Inter-level travel time spent in this place.
 D = Time resting spent in this place.
 E = Time spent auto-exploring this place.
 F = Levels seen in this place.
 G = Mean time per level.
                   A        B        C        D        E       F      G
               +--------+--------+--------+--------+--------+-----+--------+
         Total |    859 |    828 |     31 |      0 |    610 |   2 |  429.5 |
       Dungeon |    859 |    828 |     31 |      0 |    610 |   2 |  429.5 |
               +--------+--------+--------+--------+--------+-----+--------+

Top non-repeatable levels by time:
     D:1: 783 daAuts
     D:2: 76 daAuts
